← All builds
Suicide front / Cortex / Economy first / OBSERVED BUILD

Standard suicide front

Cortex Suicide front build order · Supreme Isthmus

The role's baseline: bot lab first, economy expands through the first minutes, and Thugs with Aggravators and Grunts carry the fight to the middle as T2 approaches.

#eco #defence · 422 distinct matches · 79 players · 70% of Cortex Suicide front games · team won 51% of 438 · Recently observed

HOW TO PLAY IT

Key timing: Bot Lab by 0:34

  1. Take 3 mex, then rush a Bot Lab immediately for early army.
  2. Finish Bot Lab, start pumping Thug, Grunt and Aggravator.
  3. Push units to middle to contest and secure reclaim early.
  4. Add Advanced Metal Extractor to keep economy scaling with the fight.
  5. Hold middle with bots until T2 reinforcements arrive from Geo.

Phase by phase

TYPICAL OF ITS 422 GAMES
  1. 1
  2. 2
  3. 3
PLAY THE OPENING

Follow the example game's first 6:00 step by step: what to build now, what comes next, and where it goes. At 1× it keeps pace with your own game.

  1. 1

    Up to the Bot Lab

    Economy
    • Metal Extractor1Mex
    Order
    1. Bot LabBot Lab after 1 mexdone ~0:34, middle half 0:27–0:44

    By 0:18 in all: 1 mex

    The example game in this phase · 3 steps
    1. Mex ×3
    2. GuardGuard
    3. Bot LabBot Labdone 0:53 · typical 0:34
  2. 2

    Bot Lab to 5:00

    Economy
    • Metal Extractor4Mex
    • Wind Turbine3Wind
    Builders
    • Graverobber4 Graverobber
    • Construction Bot3 Con bot
    Army
    • Guard3 Guard
    • Thug15 Thug
    • Grunt3 Grunt
    Other
    • Radar Tower1 Radar Tower

    Some games also: aggravator (50%)

    By 5:00 in all: 5 mex · 3 wind

    The example game in this phase · 24 steps
    1. Wind
    2. GraverobberGraverobber
    3. Wind ×2
    4. GruntGrunt
    5. Construction BotCon bot
    6. Wind
    7. Construction BotCon bot ×2
    8. GraverobberGraverobber
    9. Mex
    10. Construction BotCon bot
    11. ThugThug ×3
    12. Radar TowerRadar Tower
    13. GraverobberGraverobber
    14. ThugThug ×2
    15. Mex
    16. ThugThug
    17. Exploiter
    18. ThugThug ×2
    19. Twin GuardTwin Guard
    20. ThugThug ×4
    21. WardenWarden
    22. ThugThug ×2
    23. Wind
    24. ThugThug ×5
  3. 3

    5:00 to 10:00

    Economy
    • Metal Extractor1Mex
    • Wind Turbine14Wind
    Builders
    • Construction Turret2 Con turret
    • Graverobber2 Graverobber
    • Construction Bot1 Con bot
    Army
    • Guard1 Guard
    • Thug5 Thug
    • Grunt3 Grunt

    Some games also: aggravator (50%) · energy storage (48%) · Radar Tower (42%) · Twin Guard (32%)

    By 10:00 in all: 6 mex · 18 wind · 1 energy storage · 2 con turret

    The example game in this phase · 114 steps
    1. AgitatorAgitatordone 6:18
    2. ThugThug
    3. Con turret
    4. ThugThug ×3
    5. CastroCastro
    6. ThugThug
    7. Mex
    8. ThugThug
    9. Con turret
    10. ThugThug
    11. Wind ×2
    12. ThugThug
    13. Construction BotCon bot
    14. Wind
    15. Con turret
    16. Wind
    17. Construction BotCon bot
    18. Bot LabBot Labdone 8:58
    19. Wind ×2
    20. GraverobberGraverobber
    21. Construction BotCon bot
    22. GraverobberGraverobber
    23. Wind
    24. GraverobberGraverobber ×2
    25. Wind
    26. GraverobberGraverobber
    27. Wind
    28. ThugThug
    29. Construction BotCon bot
    30. ThugThug
    31. Wind
    32. ThugThug
    33. Wind
    34. ThugThug
    35. Wind
    36. Construction BotCon bot
    37. ThugThug
    38. Wind
    39. Advanced Metal ExtractorT2 mexdone 12:41 · typical 9:42
    40. ThugThug ×4
    41. Wind
    42. ThugThug
    43. Wind
    44. ThugThug ×2
    45. Wind
    46. ThugThug ×3
    47. Wind
    48. ThugThug ×2
    49. Wind
    50. ThugThug
    51. Wind
    52. GruntGrunt
    53. PounderPounder
    54. Wind
    55. GruntGrunt
    56. Wind
    57. GruntGrunt
    58. Wind
    59. GruntGrunt
    60. Wind
    61. ThugThug
    62. GruntGrunt
    63. Wind
    64. GruntGrunt ×5
    65. WardenWarden
    66. ThugThug
    67. GruntGrunt ×10
    68. Wind ×2
    69. ThistleThistle
    70. GruntGrunt
    71. Wind ×2
    72. GruntGrunt
    73. AggravatorAggravator
    74. ThugThug
    75. Wind
    76. GruntGrunt ×2
    77. Wind
    78. ThugThug
    79. GruntGrunt
    80. Wind
    81. Advanced Metal ExtractorT2 mex
    82. GruntGrunt ×2
    83. Wind
    84. GruntGrunt ×3
    85. Wind
    86. ThugThug
    87. Wind ×2
    88. GruntGrunt
    89. Wind ×3
    90. Con turret
    91. Wind
    92. GraverobberGraverobber
    93. Wind
    94. Con turret
    95. Wind
    96. Advanced Metal ExtractorT2 mex
    97. GruntGrunt
    98. Con turret
    99. Wind
    100. GraverobberGraverobber
    101. GruntGrunt
    102. Wind
    103. GruntGrunt ×2
    104. Wind
    105. GruntGrunt ×3
    106. GraverobberGraverobber
    107. Wind
    108. GruntGrunt
    109. Wind ×3
    110. AgitatorAgitator
    111. Wind ×4
    112. GruntGrunt
    113. Wind ×2
    114. GruntGrunt

Counts are medians over the build's games: half of them build more, half fewer. The example game is Mixosis's (38 OS, 05/08/2026); pick another.

Team trades

IN AT LEAST 30% OF ITS GAMES

You hand over

Nothing regular.

You get

  • Tidal Generator4 Tidal from Pondfirst at 0:11 · in 69% of games
  • Advanced Construction Bot1 T2 con bot from Geo or Techfirst at 7:37 · in 57% of games

How it plays out

Typical game of this build, running totals by minute

Metal produced

010k20k
0:005:0010:0015:00

metal

Enemy metal destroyed

05k10k
0:005:0010:0015:00

metal

Own metal lost

05k10k15k
0:005:0010:0015:00

metal

438 games.

Show as table
ByMetal produced: This buildEnemy metal destroyed: This buildOwn metal lost: This build
1:0028500
2:0097000
3:002069195133
4:003161685638
5:00430816561425
6:00553625612419
7:00674535823533
8:00792945134525
9:00919452115491
10:001046559036310
11:001201763667124
12:001361268427999
13:001523475068807
14:001702082639520
15:0018420887210297
WHAT THE NUMBERS SAY

This is the role's baseline aggressive job, winning half its games while both dealing and taking heavy metal losses fighting at middle.

  • + Fastest Bot Lab of any role (0:34), gets units fighting almost immediately.
  • + Destroys 8805 enemy metal by 15:00 through constant middle pressure.
  • − Loses 10461 own metal by 15:00, more than it destroys.
  • − Metal production lags behind other front role at 18297 by 15:00.
THE EXAMPLE YOU ARE READING

Mixosis

38.3 OS · 05/08/2026

Open source match ↗

18 received units · includes a constructor
125 metal received · 23171 energy received

Allied construction assistance is unknown. Timings are observations, not a promise of solo reproducibility.

Typical milestones

Bot Lab0:34Middle 50%: 0:27–0:44 · n=434
Advanced Metal Extractor9:42Middle 50%: 8:47–10:57 · n=284

Played most by

_X_64games of this build_Hawkey_48games of this buildImmort30games of this buildGuiTou25games of this buildViltrum23games of this build